 Dungeon Crawl Stone Soup version 0.26-a0-524-g073066f631 (webtiles) character file.

Game seed: 7101812403475672803

(classic levelgen) 684 EnegeticOcto the Covert (level 7, 0/31 HPs)
             Began as a Felid Ice Elementalist on Aug 11, 2020.
             Was an Initiate of Ashenzari.
             Slain by a killer bee (3 damage)
             ... on level 8 of the Dungeon on Aug 13, 2020.
             The game lasted 00:20:38 (9491 turns).

EnegeticOcto the Covert (Felid Ice Elementalist)    Turns: 9491, Time: 00:20:39

Health: 0/31       AC:  2    Str:  4    XL:     7   Next: 35%
Magic:  0/14       EV: 23    Int: 19    God:    Ashenzari [......]
Gold:   386        SH:  0    Dex: 17    Spells: 1/14 levels left
                                        Lives:  0   Deaths: 2

rFire    . . .     SeeInvis +     - Unarmed
rCold    + . .     Faith    .   (shield unavailable)
rNeg     . . .     Spirit   +   (armour unavailable)
rPois    .         Reflect  .   (helmet unavailable)
rElec    .         Harm     .   (cloak unavailable)
rCorr    .                      (gloves unavailable)
MR       +....                  (boots unavailable)
Stlth    +++++.....             y - amulet of guardian spirit (curse)
HPRegen  0.10/turn              v - ring of protection from cold (curse)
MPRegen  0.14/turn              j - ring of stealth (curse)

@: lethally poisoned (0 -> -28), quick
A: very small, no armour, no weapons or thrown items, stealth, claws 1, fangs 3,
see invisible, speed 1, shaggy fur 2, sharp paws
a: Curse Item, Renounce Religion


You were on level 8 of the Dungeon.
You worshipped Ashenzari.
Ashenzari was noncommittal.
You visited 2 branches of the dungeon, and saw 9 of its levels.
You also visited: Ossuary.

You collected 386 gold pieces.

Inventory:

Jewellery
 a - an uncursed ring of ice
 c - an uncursed ring of resist corrosion
 j - a cursed ring of stealth (right paw)
 v - a cursed ring of protection from cold (left paw)
 y - a cursed amulet of guardian spirit (around neck)
Scrolls
 e - 3 scrolls of teleportation {@r3 !r}
 f - 3 scrolls of remove curse {@r2}
 h - a scroll of immolation {unknown}
 o - 5 scrolls of amnesia
 p - a scroll of magic mapping {@r5 !r}
 q - 2 scrolls of fog {!r}
 u - a scroll of enchant weapon {unknown}
Potions
 b - 3 potions of curing {@q1 !q}
 d - a potion of might {@q3 !q}
 i - 3 potions of haste {@q4 !q}
 k - a potion of mutation
 l - a potion of stabbing {@q5 !q}
 m - a potion of lignification {@q6}
 n - 2 potions of flight
 w - a potion of resistance


   Skills:
 - Level 3.0 Fighting
 + Level 7.2 Dodging
 - Level 8.0 Stealth
 - Level 4.0 Unarmed Combat
 - Level 4.0 Spellcasting
 + Level 4.6 Summonings
 + Level 7.0 Ice Magic


You had one spell level left.
You knew the following spells:

 Your Spells              Type           Power        Failure   Level
a - Freeze                Ice            ####         1%          1
b - Frozen Ramparts       Ice            ####..       2%          3
c - Summon Ice Beast      Ice/Summ       ####....     12%         4
d - Ozocubu's Armour      Ice            ####....     2%          3
Y - Blink                 Tloc           N/A          21%         2

Your spell library contained the following spells:

 Spells                   Type           Power        Failure   Level
 Magic Dart               Conj           #...         14%         1
 Call Imp                 Summ           ###.....     3%          2
 Slow                     Hex            #.......     21%         2
 Hailstorm                Conj/Ice       ###.....     32%         4
 Conjure Flame            Conj/Fire      #.......     38%         3
 Mephitic Cloud           Conj/Pois/Air  #.......     38%         3


Dungeon Overview and Level Annotations

Branches:
Dungeon (8/15)             Temple (1/1) D:6         Ossuary (visited)
   Lair: D:8-11

Altars:
Ashenzari
Cheibriados
Dithmenos
Elyvilon
Fedhas
Gozag
Hepliaklqana
Makhleb
Nemelex Xobeh
Okawaru
Qazlal
Ru
Trog
Uskayaw
Vehumet
Wu Jian
Xom
Yredelemnul
Zin
The Shining One

Annotations:
D:3 exclusion: 3 doors


Innate Abilities, Weirdness & Mutations

You cannot wear armour.
You are incapable of wielding weapons or throwing items.
Your paws allow you to move quietly. (Stealth)
You have sharp claws.
You have razor-sharp teeth.
You have supernaturally acute eyesight. (SInv)
You cover ground quickly.
You are covered in thick fur. (AC +2)
Your sharp claws are effective at attacking unaware monsters.


Message History

You are too injured to fight recklessly!
You are too injured to fight recklessly!
You are too injured to fight recklessly!
You are too injured to fight recklessly!
You are too injured to fight recklessly!
You are too injured to fight recklessly!
You are too injured to fight recklessly!
You are too injured to fight recklessly!
You are too injured to fight recklessly!
You are too injured to fight recklessly!
You are too injured to fight recklessly!
You are too injured to fight recklessly!
You are too injured to fight recklessly!
You are too injured to fight recklessly!
You are too injured to fight recklessly!
You are too injured to fight recklessly!
You are too injured to fight recklessly!
You are too injured to fight recklessly!
You are too injured to fight recklessly!
You are too injured to fight recklessly!
The wight hits you with a +0 dagger! The wight completely misses you.
The wight hits you with a +0 dagger.
You feel drained.
The wight hits you with a cursed +1 long sword!
* * * LOW HITPOINT WARNING * * *
The wight misses you. The wight closely misses you.
The wight barely misses you. The wight hits you but does no damage.
The wight closely misses you. The wight closely misses you.
The wight completely misses you. The wight hits you with a +0 dagger.
* * * LOW HITPOINT WARNING * * *
You feel drained. The wight misses you. The wight barely misses you.
The wight misses you. The wight closely misses you.
The wight barely misses you. The wight hits you with a +0 dagger.
The wight hits you but does no damage. The wight hits you with a +0 dagger.
* * * LOW HITPOINT WARNING * * *
You feel drained.
* * * LOW HITPOINT WARNING * * *
The wight completely misses you. x2
The wight hits you but does no damage.
The wight hits you with a cursed +1 long sword.
You die...
You are now level 7!
You rejoin the land of the living...
Found a stone staircase leading down.
What are your orders? t - Meow!
Orders for allies: a - Attack new target. r - Retreat! s - Stop attacking. g - Guard the area. f - Follow me.
Anything else - Cancel.
You meow for attention!
The killer bee buzzes angrily. x4
You hear an angry buzzing noise.
The killer bee misses you.
A phantom comes into view.
The killer bee closely misses you.
The killer bee completely misses you. x2
The killer bee misses you. The killer bee stings you.
You are poisoned.
The killer bee poisons you! The killer bee closely misses you.
The killer bee misses you. The killer bee completely misses you.
The killer bee stings you.
The phantom blinks!
The killer bee closely misses you. The killer bee barely misses you.
You feel sick. The killer bee misses you. The killer bee completely misses you.
The killer bee closely misses you. The killer bee misses you.
The killer bee closely misses you. The killer bee barely misses you.
The killer bee closely misses you. The killer bee completely misses you.
The killer bee stings you.
You are more poisoned.
The killer bee poisons you! The killer bee closely misses you.
You feel sick. The killer bee completely misses you. The killer bee misses you.
The killer bee stings you. x2
You are lethally poisoned!
The killer bee poisons you! The killer bee completely misses you.
The killer bee stings you but does no damage.
An adder comes into view.
The killer bee misses you.
The killer bee completely misses you. x2
You feel sick. The killer bee closely misses you.
The killer bee barely misses you. The killer bee completely misses you.
The killer bee misses you. The killer bee barely misses you.
The killer bee closely misses you. The killer bee stings you!
* * * LOW HITPOINT WARNING * * *
The killer bee completely misses you.
* * * LOW HITPOINT WARNING * * *
You feel sick. The killer bee closely misses you.
The killer bee completely misses you. The killer bee misses you.
The killer bee barely misses you. The killer bee completely misses you.
The killer bee misses you. The killer bee completely misses you.
The killer bee barely misses you. The killer bee misses you.
* * * LOW HITPOINT WARNING * * *
You feel sick. The killer bee misses you. The killer bee stings you.
* * * LOW HITPOINT WARNING * * *
You are more poisoned.
The killer bee poisons you! The killer bee closely misses you.
The killer bee completely misses you. The killer bee stings you.
The killer bee completely misses you.
A howler monkey zombie comes into view.
The killer bee completely misses you.
The phantom blinks!
The killer bee misses you. x2; The killer bee stings you.
You die...

.# #.# .. #.# .
..# # # #S #.#
.# #>##.##.##.#
#......ยง...#..#
####..yyy.W...#
.....yy@#
#######y# #.#
#.# # #.#.#
#.#.#####
######........
#....Z...#####
...####..##


You could see a phantom, 6 killer bees, an adder and a howler monkey zombie
(wandering).

Vanquished Creatures
  A hippogriff (D:7)
  An orc warrior (D:7)
  A water moccasin (D:6)
  A sky beast (D:7)
  2 phantoms
  An ogre (D:5)
  A centaur (D:8)
  3 bullfrogs
  6 killer bees (D:7)
  5 wights (D:6)
  3 howler monkeys
  A centaur zombie (D:6)
  3 hounds
  2 jellies
  4 orc priests (D:7)
  3 orc wizards
  3 iguanas
  6 worker ants
  A killer bee zombie (D:7)
  A hound skeleton (D:5)
  Robin (D:2)
  A worker ant zombie (D:7)
  4 gnolls
  9 adders
  An ufetubus (D:2)
  An ooze (D:6)
  2 adder skeletons
  3 worms
  A dart slug (D:1)
  7 leopard geckos
  19 orcs
  2 ball pythons
  6 bats
  A bat skeleton (D:3)
  A bat zombie (D:3)
  A giant cockroach (D:1)
  17 goblins
  6 hobgoblins
  23 jackals
  9 kobolds
  5 quokkas
  7 frilled lizards
  A quokka zombie (D:7)
  6 rats
183 creatures vanquished.

Vanquished Creatures (collateral kills)
  A necrophage (D:7)
1 creature vanquished.

Vanquished Creatures (others)
  2 withered plants (Ossuary)
2 creatures vanquished.

Grand Total: 186 creatures vanquished

Notes
Turn   | Place    | Note
-------+----------+-------------------------------------------
     0 | D:1      | EnegeticOcto the Felid Ice Elementalist began the quest for
                  | the Orb.
     0 | D:1      | Reached XP level 1. HP: 7/7 MP: 4/4
    40 | D:1      | Reached skill level 3 in Stealth
    48 | D:1      | Reached XP level 2. HP: 6/11 MP: 0/6
   861 | D:1      | Reached skill level 4 in Ice Magic
  1204 | D:1      | Reached skill level 4 in Stealth
  1214 | D:1      | Reached XP level 3. HP: 14/14 MP: 1/7
  1677 | D:2      | Learned a level 3 spell: Frozen Ramparts
  2161 | D:2      | Found a burning altar of Makhleb.
  2181 | D:2      | Reached XP level 4. HP: 18/18 MP: 4/8
  2360 | D:2      | Noticed Robin
  2419 | D:2      | Killed Robin
  2419 | D:2      | Reached skill level 5 in Ice Magic
  3109 | D:3      | Learned a level 2 spell: Blink
  3183 | D:3      | Found a sparkling altar of Nemelex Xobeh.
  3276 | D:3      | Found a sacrificial altar of Ru.
  3351 | D:3      | Reached XP level 5. HP: 14/21 MP: 7/9
  3638 | D:3      | Found a bloodstained altar of Trog.
  4265 | D:3      | Found a glowing golden altar of the Shining One.
  4499 | D:4      | Found a glowing silver altar of Zin.
  4589 | D:4      | Reached skill level 3 in Spellcasting
  4591 | D:4      | Gained mutation: You are covered in thick fur. (AC +2)
                  | [Felid growth]
  4591 | D:4      | Reached XP level 6. HP: 24/24 MP: 7/11
  4599 | D:4      | Reached skill level 6 in Ice Magic
  4784 | D:4      | You fall into a shaft and drop 1 floor!
  4784 | D:5      | Entered Level 5 of the Dungeon
  5085 | D:5      | Reached skill level 4 in Spellcasting
  5085 | D:5      | Reached XP level 7. HP: 27/27 MP: 5/14
  6091 | D:6      | Reached skill level 7 in Ice Magic
  6236 | D:6      | Reached skill level 3 in Dodging
  6396 | D:6      | Found a staircase to the Ecumenical Temple.
  6412 | D:6      | Reached skill level 1 in Fighting
  6412 | D:6      | Reached skill level 1 in Unarmed Combat
  6421 | D:6      | Learned a level 4 spell: Summon Ice Beast
  6488 | D:6      | Reached skill level 1 in Summonings
  6493 | D:6      | Reached skill level 5 in Stealth
  6534 | Temple   | Entered the Ecumenical Temple
  6620 | D:6      | Reached skill level 4 in Dodging
  6669 | D:6      | Found a blossoming altar of Fedhas.
  6676 | D:6      | Reached skill level 2 in Fighting
  6676 | D:6      | Reached skill level 2 in Unarmed Combat
  6676 | D:6      | Reached XP level 8. HP: 33/33 MP: 10/15
  6841 | D:6      | Learned a level 3 spell: Ozocubu's Armour
  7064 | D:6      | Reached skill level 2 in Summonings
  7304 | D:7      | Noticed a hippogriff
  7326 | D:7      | Killed a hippogriff
  7326 | D:7      | Reached skill level 3 in Fighting
  7326 | D:7      | Reached skill level 5 in Dodging
  7326 | D:7      | Reached skill level 6 in Stealth
  7326 | D:7      | Reached skill level 3 in Unarmed Combat
  7387 | D:7      | Found a sand-covered staircase.
  7413 | Ossuary  | Entered an ossuary
  7610 | D:7      | Reached skill level 3 in Summonings
  7736 | D:7      | Reached skill level 7 in Stealth
  7738 | D:7      | Reached skill level 6 in Dodging
  7738 | D:7      | Reached XP level 9. HP: 30/37 MP: 4/16
  7851 | D:7      | Found a shattered altar of Ashenzari.
  7854 | D:7      | Became a worshipper of Ashenzari the Shackled
  7941 | D:7      | Reached skill level 4 in Unarmed Combat
  8515 | D:7      | Reached skill level 4 in Summonings
  8677 | D:7      | Reached skill level 8 in Stealth
  8902 | D:8      | Found a shadowy altar of Dithmenos.
  8928 | D:8      | Found a shadowy altar of Dithmenos.
  8957 | D:8      | Reached skill level 7 in Dodging
  9231 | D:6      | Upgraded the game from 0.26-a0-519-gb2f46efeda to
                  | 0.26-a0-524-g073066f631
  9378 | D:8      | HP: 1/36 [killer bee (3)]
  9379 | D:8      | Succumbed to a killer bee's poison
  9380 | D:8      | Reached XP level 8. HP: 0/33 MP: 1/15
  9472 | D:8      | HP: 1/34 [wight/+0 dagger (1)]
  9474 | D:8      | Slain by a wight
  9475 | D:8      | Reached XP level 7. HP: -2/31 MP: 0/14
  9491 | D:8      | Slain by a killer bee

Illustrated notes

Levels and vault maps discovered:
D:1:      dpeg_arrival_short_road, layout_basic
D:2:      layout_loops_ring, nicolae_overflow_crystal_walls, grunt_ministairs_9,
          uniq_robin
D:3:      layout_loops_ring, tso_oasis_becter, bloody_trog,
          kennysheep_vampire_church, old_standard_altar,
          nicolae_ru_sacrificial_ziggurat
D:4:      layout_rooms, kennysheep_mini
D:5:      layout_cave_pools
D:6:      layout_basic, temple_fountains, fedhas_altar_3
D:7:      layout_basic, lemuel_doored_altar, enter_ossuary_2,
          chequers_serial_rivers_large_b
D:8:      layout_loops_ring, kennysheep_little_box, old_standard_altar,
          basic_altar, lightli_corner_chamber
Temple:   minmay_temple_bridge_abc

Skill      XL: |  1  2  3  4  5  6  7  8  9 |
---------------+----------------------------+-----
Stealth        | 3 4 5 7 8 |  8.0
Ice Magic      | 4 5 6 7 |  7.0
Spellcasting   | 3 4 |  4.0
Dodging        | 4 6 7 |  7.2
Fighting       | 2 3 |  3.0
Unarmed Combat | 2 3 4 |  4.0
Summonings     | 1 3 4 |  4.6

Action                   |  1- 3 |  4- 6 |  7- 9 || total
-------------------------+-------+-------+-------++-------
Melee: Unarmed           |    25 |    20 |   169 ||   214
       Bite              |     1 |     2 |    23 ||    26
       Punch             |       |       |     1 ||     1
 Cast: Freeze            |    61 |    48 |    25 ||   134
       Frozen Ramparts   |       |    14 |    28 ||    42
       Ozocubu's Armour  |       |       |    10 ||    10
       Summon Ice Beast  |       |       |     6 ||     6
Invok: Curse Item        |       |       |     3 ||     3
Evoke: Wand              |       |       |    22 ||    22
  Use: Scroll            |       |     8 |     8 ||    16
 Stab: Sleeping          |     6 |     3 |     5 ||    14
Armor: Skin              |     5 |     8 |    14 ||    27
Dodge: Dodged            |    63 |    60 |   278 ||   401

Table legend: (Time is in decaauts)
 A = Elapsed time spent in this place.
 B = Non-inter-level travel time spent in this place.
 C = Inter-level travel time spent in this place.
 D = Time resting spent in this place.
 E = Time spent auto-exploring this place.
 F = Levels seen in this place.
 G = Mean time per level.
                   A        B        C        D        E       F      G
               +--------+--------+--------+--------+--------+-----+--------+
         Total |   8618 |   8416 |    202 |   1687 |   5150 |  10 |  861.8 |
       Dungeon |   8555 |   8369 |    186 |   1671 |   5150 |   8 | 1069.4 |
        Temple |     42 |     27 |     15 |      0 |      0 |   1 |   42.0 |
       Ossuary |     20 |     20 |      0 |     15 |      0 |   1 |   20.0 |
               +--------+--------+--------+--------+--------+-----+--------+

Top non-repeatable levels by time:
     D:1: 1763 daAuts
     D:7: 1519 daAuts
     D:6: 1154 daAuts
     D:2: 1064 daAuts
     D:3: 1059 daAuts
     D:5: 970 daAuts
     D:4: 632 daAuts
     D:8: 391 daAuts
  Temple: 42 daAuts
 Ossuary: 20 daAuts
